 Dungeon Crawl Stone Soup version 0.29-a0-106-g0a07039d5a (webtiles) character file.

Game seed: 17544349140878725458

62917 lunkers the Lord of Darkness (level 14, -15/113 HPs)
             Began as a Vampire Delver on Feb 16, 2022.
             Was the Champion of Kikubaaqudgha.
             Killed from afar by a frost giant (53 damage)
             ... with a bolt of cold
             ... on level 12 of the Dungeon on Feb 17, 2022.
             The game lasted 01:02:56 (21768 turns).

lunkers the Lord of Darkness (Vampire Delver)      Turns: 21768, Time: 01:02:57

Health: -15/113    AC: 16    Str: 11    XL:     14   Next: 66%
Magic:  20/25      EV: 24    Int: 17    God:    Kikubaaqudgha [******]
Gold:   1383       SH:  6    Dex: 19    Spells: 7/27 levels left

rFire   . . .      SeeInvis +   a - +2 short sword (pain)
rCold   . . .      Faith    .   s - +0 buckler
rNeg    . . .      Spirit   .   V - +3 troll leather armour {Snorg}
rPois   .          Reflect  .   x - +2 helmet {Int+3}
rElec   .          Harm     .   K - +1 cloak
rCorr   .          Rampage  .   t - +0 pair of gloves
Will    +....                   T - +2 pair of boots
Stlth   +++++.....              (no amulet)
HPRegen 1.28/turn               h - +4 ring of slaying
MPRegen 0.19/turn               z - +4 ring of evasion

@: healing quickly
A: alive, fangs 3, see invisible, vampiric 2
a: Exsanguinate, Renounce Religion, Receive Corpses, Torment, Brand Weapon With
Pain, Receive Forbidden Knowledge


You were on level 12 of the Dungeon.
You worshipped Kikubaaqudgha.
Kikubaaqudgha was exalted by your worship.
You visited 3 branches of the dungeon, and saw 19 of its levels.

You collected 1452 gold pieces.
You spent 69 gold pieces at shops.

Inventory:

Hand Weapons
 a - a +2 short sword of pain (weapon)
 b - a +1 short sword of venom
 P - a +3 dagger
 Q - a +3 dagger of freezing
Missiles
 n - 3 throwing nets
Armour
 s - a +0 buckler (worn)
 t - a +0 pair of gloves (worn)
 x - a +2 helmet of intelligence (worn)
 E - the +2 robe of the Beginning {rF+}
   (You found it on level 8 of the Dungeon)

   rF:        It protects you from fire.
 K - a +1 cloak (worn)
 O - +0 steam dragon scales
 R - a +4 ring mail of fire resistance
 T - a +2 pair of boots (worn)
 V - a +3 troll leather armour (worn) {Snorg}
Jewellery
 h - a +4 ring of slaying (left hand)
 l - a ring of flight
 y - a ring of magical power
 z - a +4 ring of evasion (right hand)
 D - a ring of positive energy
 G - a +6 ring of intelligence
 N - an amulet of faith
 U - a ring of poison resistance
 Z - a ring of willpower
Wands
 g - a wand of digging (9)
 F - a wand of polymorph (6)
 H - a wand of charming (10)
 L - a wand of flame (39)
 M - a wand of paralysis (5)
 X - a wand of acid (1)
Scrolls
 c - 2 scrolls of fog
 d - 4 scrolls of magic mapping
 e - 2 scrolls of fear
 j - 3 scrolls of enchant weapon
 m - 2 scrolls of amnesia
 p - 2 scrolls of identify
 I - 2 scrolls of teleportation
 J - a scroll of enchant armour
Potions
 f - 4 potions of haste
 i - 2 potions of lignification
 k - 4 potions of flight
 o - 3 potions of brilliance
 q - 3 potions of resistance
 r - 2 potions of mutation
 u - a potion of cancellation
 v - 5 potions of curing
 w - 3 potions of attraction
 A - 4 potions of might
 B - 2 potions of ambrosia
 C - 3 potions of heal wounds
 S - a potion of magic
 W - a potion of berserk rage
Miscellaneous
 Y - a box of beasts


   Skills:
 + Level 11.4 Fighting
 - Level 10.0 Short Blades
 + Level 13.2 Dodging
 - Level 12.0 Stealth
 - Level 4.0 Shields
 + Level 7.4 Spellcasting
 * Level 15.8 Necromancy


You had 7 spell levels left.
You knew the following spells:

 Your Spells              Type           Power      Damage    Failure   Level
b - Dispel Undead         Necr           57%        3d20      2%          4
c - Death Channel         Necr           28%        N/A       13%         6
d - Excruciating Wounds   Necr           28%        N/A       4%          5
e - Borgnjor's Vile Clut  Necr/Erth      16%        N/A       41%         5

Your spell library contained the following spells:

 Spells                   Type           Power      Damage    Failure   Level
 Animate Skeleton         Necr           100%       N/A       1%          1
 Pain                     Necr           100%       1d9       1%          1
 Sublimation of Blood     Necr           57%        N/A       1%          2
 Vampiric Draining        Necr           57%        2d10      1%          3
 Animate Dead             Necr           28%        N/A       2%          4
 Agony                    Necr           57%        N/A       4%          5
 Corpse Rot               Necr/Air       66%        N/A       5%          2
 Anguish                  Hex/Necr       16%        N/A       21%         4
 Wereblood                Tmut           6%         N/A       50%         2
 Dazzling Flash           Conj/Hex       12%        N/A       71%         3
 Iskenderun's Mystic Bla  Conj/Tloc      6%         2d4       96%         4
 Alistair's Intoxication  Tmut/Pois      4%         N/A       100%        5
 Eringya's Noxious Bog    Tmut/Pois      3%         N/A       100%        6
 Starburst                Conj/Fire      3%         6d3       100%        6
 Summon Hydra             Summ           3%         N/A       100%        7


Dungeon Overview and Level Annotations

Branches:
Dungeon (12/15)            Temple (1/1) D:4            Lair (6/6) D:10
 Shoals (0/4) Lair:4        Snake (0/4) Lair:3        Slime (0/5) Lair:5
    Orc (0/2) D:12

Altars:
Ashenzari
Cheibriados
Dithmenos
Elyvilon
Fedhas
Gozag
Hepliaklqana
Kikubaaqudgha
Makhleb
Nemelex Xobeh
Okawaru
Qazlal
Ru
Sif Muna
Trog
Uskayaw
Vehumet
Wu Jian
Xom
Yredelemnul
Zin
The Shining One

Shops:
D:6 *(((   D:7 :

Annotations:
D:12 exclusion: ice statue
Lair:2 2 transporters


Innate Abilities, Weirdness & Mutations

Your natural rate of healing is accelerated.
You have razor-sharp teeth.
You have supernaturally acute eyesight. (SInv)
You are afflicted with vampirism and can become a bat while bloodless.


Message History

Press: ? - help, Shift-Dir - straight line, f/p - vampire mosquito
Aim: a vampire mosquito (almost destroyed, 100% to hit)
The vampire mosquito is dispelled!!!
You destroy the vampire mosquito!
Kikubaaqudgha accepts your kill.
There is a large open door here.
Found 11 gold pieces.
Your +2 short sword of venom seems less pained.
A frost giant comes into view.
It is wielding a +1 battleaxe of freezing.
Casting: Dispel Undead (safe; 1% risk of failure)
Confirm with . or Enter, or press ? or * to list all spells.
Your +2 short sword of venom shrieks in agony.
The frost giant shouts!
The frost giant gestures at you while chanting.
The bolt of cold hits you!! The frost giant casts a spell at you.
The bolt of cold hits you!!!
* * * LOW HITPOINT WARNING * * *
You are too injured to fight recklessly!
The frost giant hits you but does no damage.
You hit the frost giant.
The frost giant writhes in agony.
You bite the frost giant.
The frost giant is lightly wounded.
The frost giant closely misses you.
You hit the frost giant.
The frost giant writhes in agony!
The frost giant is moderately wounded.
You completely miss the frost giant.
The frost giant is moderately wounded.
The frost giant casts a spell at you. The bolt of cold hits you!
* * * LOW HITPOINT WARNING * * *
You hit the frost giant.
The frost giant writhes in agony!
You bite the frost giant.
The frost giant is heavily wounded.
You completely miss the frost giant.
The frost giant is heavily wounded.
The frost giant points at you and mumbles some strange words.
The bolt of cold hits you!!!
You die...
Kikubaaqudgha rasps: "You have failed me!
Welcome... death!"

#..≈#))#..# #
#..≈#..#..# #
#..≈#..'..# #
#..≈#..'..# #
#..≈#..#..# #
#..≈#..#..# #
#..≈#..#†.# #
#..≈#.C#..# #
#..≈#.@#... #
#..≈#..#.... #
#..≈#..#######
#).≈#.........
#..≈#$........
#..≈##########
#..≈≈≈≈≈≈≈≈≈
#.......####
#########


You could see a frost giant.

Vanquished Creatures
  Gastronok (D:12)
  Snorg (Lair:3)
  Josephine (D:12)
  7 hydras
  A boulder beetle (Lair:4)
  An ice dragon (D:12)
  A centaur warrior (D:12)
  6 two-headed ogres
  Erica (D:9)
  Sonja (D:10)
  A lindwurm (Lair:6)
  A deep elf pyromancer (D:12)
  A wolf spider (Lair:6)
  3 ugly things (D:12)
  2 cyclopes
  Maurice (D:8)
  Joseph (D:8)
  A guardian serpent (Lair:6)
  9 elephants
  14 black mambas
  A torpor snail (Lair:2)
  Maggie (D:8)
  18 cane toads
  2 gargoyles (D:12)
  7 komodo dragons
  9 rime drakes
  A kobold demonologist (D:10)
  2 unseen horrors
  3 trolls
  Grinder (D:5)
  4 hornets
  3 polar bears
  20 blink frogs
  A meliai zombie (D:11)
  4 slime creatures (D:12)
  4 dream sheep (Lair:6)
  Sigmund (D:4)
  39 yaks
  11 wyverns
  3 shadows
  A water elemental (D:12)
  4 basilisks
  5 wraiths
  3 redbacks (Lair:6)
  8 vampire mosquitoes
  A swamp worm (shapeshifter) (D:12)
  An acid dragon (D:12)
  27 water moccasins
  11 ice beasts
  8 orc warriors
  2 sky beasts (D:8)
  An ogre (D:6)
  10 centaurs
  A phantom (D:4)
  3 kobold brigands
  17 bullfrogs
  2 gnoll sergeants
  A scorpion (D:5)
  3 wights (D:8)
  5 howler monkeys
  An electric eel (D:6)
  A centaur zombie (D:7)
  A bullfrog zombie (D:6)
  A hound (D:5)
  5 orc priests
  A bullfrog skeleton (D:5)
  14 jellies
  A centaur skeleton (D:6)
  An iguana (D:6)
  7 orc wizards
  A killer bee zombie (D:7)
  Robin (D:1)
  5 adders
  10 gnolls
  A shadow imp (D:5)
  7 white imps
  An ufetubus (D:5)
  An adder skeleton (D:4)
  3 worms
  2 dart slugs (D:1)
  30 orcs
  2 endoplasms
  4 giant cockroaches
  17 goblins
  6 hobgoblins
  3 jackals (D:1)
  8 kobolds
  7 quokkas
  6 ball pythons
  6 bats
  2 frilled lizards (D:3)
  3 rats
463 creatures vanquished.

Vanquished Creatures (collateral kills)
  2 white imps (D:12)
2 creatures vanquished.

Vanquished Creatures (others)
  A wight (D:8)
  An adder (D:6)
  A bush (Lair:4)
  29 fungi
  62 plants
94 creatures vanquished.

Grand Total: 559 creatures vanquished

Notes
Turn   | Place    | Note
-------+----------+-------------------------------------------
     0 | D:5      | lunkers the Vampire Delver began the quest for the Orb.
     0 | D:5      | Reached XP level 1. HP: 17/17 MP: 1/1
   198 | D:5      | Noticed a hound
   266 | D:4      | Noticed Sigmund
   328 | D:4      | Noticed an orc wizard
   329 | D:4      | Noticed an orc priest
   331 | D:4      | Killed an orc wizard
   332 | D:4      | Reached XP level 2. HP: 23/23 MP: 2/2
   332 | D:4      | Gained mutation: You are afflicted with vampirism and can
                  | become a bat while bloodless. [Vampire growth]
   332 | D:4      | Reached XP level 3. HP: 28/28 MP: 3/3
   385 | D:4      | Killed Sigmund
   386 | D:4      | Reached skill level 5 in Short Blades
   386 | D:4      | Reached XP level 4. HP: 27/34 MP: 4/4
   386 | D:4      | Reached XP level 5. HP: 31/39 MP: 5/5
   671 | D:1      | Found a faded altar of an unknown god.
  1113 | D:2      | Noticed Robin
  1280 | D:1      | Killed Robin
  1513 | D:2      | Reached XP level 6. HP: 46/46 MP: 6/6
  3050 | D:4      | Found a staircase to the Ecumenical Temple.
  3077 | Temple   | Entered the Ecumenical Temple
  3720 | Temple   | Became a worshipper of Kikubaaqudgha
  3958 | D:5      | Reached XP level 7. HP: 51/51 MP: 7/7
  4025 | D:5      | Noticed Grinder
  4038 | D:5      | Killed Grinder
  4039 | D:5      | Reached skill level 10 in Stealth
  4577 | D:6      | Reached * piety under Kikubaaqudgha
  4577 | D:6      | Received a gift from Kikubaaqudgha
  4781 | D:6      | Reached XP level 8. HP: 30/57 MP: 8/8
  4972 | D:6      | Found Qecat's Assorted Antiques.
  4973 | D:6      | Found Nithy's Weapon Shop.
  4973 | D:6      | Found Deraoh's Weapon Boutique.
  4973 | D:6      | Found Ehiebigg's Antique Weapon Emporium.
  5253 | D:6      | Bought a scroll labelled TIF CAOQAENOM for 25 gold pieces
  5253 | D:6      | Bought a red potion for 22 gold pieces
  5253 | D:6      | Bought a viscous emerald potion for 22 gold pieces
  5520 | D:7      | Found Rugipsol's Book Emporium.
  6183 | D:8      | Reached skill level 5 in Dodging
  6183 | D:8      | Reached XP level 9. HP: 63/66 MP: 9/9
  6265 | D:8      | Noticed Maggie
  6271 | D:8      | Killed Maggie
  6272 | D:8      | Reached skill level 5 in Fighting
  6464 | D:8      | Noticed Maurice
  6481 | D:8      | Killed Maurice
  6482 | D:8      | Reached skill level 10 in Short Blades
  6569 | D:8      | Identified the +2 robe of the Beginning {rF+}
  6961 | D:8      | Noticed Joseph
  6968 | D:8      | Killed Joseph
  6969 | D:8      | Reached skill level 2 in Necromancy
  7060 | D:9      | Noticed a troll
  7071 | D:9      | Killed a troll
  7071 | D:9      | Reached ** piety under Kikubaaqudgha
  7179 | D:9      | Noticed Erica
  7186 | D:9      | Killed Erica
  7187 | D:9      | Reached skill level 1 in Shields
  7187 | D:9      | Reached skill level 3 in Necromancy
  7187 | D:9      | Reached XP level 10. HP: 77/77 MP: 10/10
  7236 | D:9      | Reached skill level 4 in Necromancy
  7518 | D:9      | Noticed a two-headed ogre
  7570 | D:9      | HP: 3/77 [two-headed ogre (27)]
  7573 | D:9      | Killed a two-headed ogre
  7574 | D:9      | Reached skill level 5 in Necromancy
  7968 | D:9      | Reached skill level 6 in Necromancy
  8027 | D:9      | Noticed a seven-headed hydra
  8574 | D:10     | Entered Level 10 of the Dungeon
  8618 | D:10     | Found a staircase to the Lair.
  8668 | D:10     | Found a shadowy altar of Dithmenos.
  8857 | D:10     | Reached skill level 7 in Necromancy
  8861 | D:10     | Reached XP level 11. HP: 57/84 MP: 11/11
  9151 | D:10     | Reached *** piety under Kikubaaqudgha
  9151 | D:10     | Received a gift from Kikubaaqudgha
  9174 | D:10     | Learned a level 4 spell: Dispel Undead
  9181 | D:10     | Learned a level 6 spell: Death Channel
  9284 | D:10     | Noticed Sonja
  9301 | D:10     | Killed Sonja
  9789 | D:10     | Reached skill level 8 in Necromancy
  9983 | D:11     | Noticed a two-headed ogre
  9995 | D:11     | Killed a two-headed ogre
 10301 | D:11     | Reached skill level 9 in Necromancy
 10454 | D:11     | Noticed a two-headed ogre
 10474 | D:11     | Killed a two-headed ogre
 10915 | Lair:1   | Entered Level 1 of the Lair of Beasts
 11084 | Lair:1   | Reached skill level 10 in Necromancy
 11099 | Lair:1   | Reached skill level 10 in Dodging
 11213 | Lair:1   | Noticed an eight-headed hydra
 11220 | Lair:1   | Noticed a five-headed hydra
 11221 | Lair:1   | Killed an eight-headed hydra
 11232 | Lair:1   | Reached XP level 12. HP: 89/94 MP: 12/12
 11243 | Lair:1   | Killed a five-headed hydra
 11244 | Lair:1   | Reached skill level 1 in Spellcasting
 11256 | Lair:1   | Reached **** piety under Kikubaaqudgha
 11331 | Lair:1   | Reached skill level 11 in Necromancy
 12329 | Lair:2   | Noticed a six-headed hydra
 12362 | Lair:1   | Killed a six-headed hydra
 12552 | Lair:2   | Learned a level 5 spell: Excruciating Wounds
 12862 | Lair:2   | Found a transporter.
 12959 | Lair:2   | Found a transporter.
 12960 | Lair:2   | Noticed a boulder beetle
 13218 | Lair:2   | Reached skill level 12 in Necromancy
 13662 | Lair:3   | Found a staircase to the Snake Pit.
 14352 | Lair:3   | Noticed Snorg
 14373 | Lair:3   | Killed Snorg
 14535 | Lair:3   | Reached XP level 13. HP: 100/103 MP: 14/19
 15003 | Lair:4   | Found a staircase to the Shoals.
 15076 | Lair:4   | HP: 1/103 [blink frog (8)]
 15331 | Lair:4   | Reached skill level 10 in Fighting
 15336 | Lair:4   | Reached skill level 13 in Necromancy
 15993 | Lair:4   | Reached ***** piety under Kikubaaqudgha
 16477 | Lair:4   | Reached skill level 5 in Spellcasting
 17562 | Lair:5   | Found a staircase to the Slime Pits.
 17870 | Lair:5   | Identified the -3 cloak of Tucayloo {Dex+2}
 17899 | Lair:6   | Entered Level 6 of the Lair of Beasts
 18098 | Lair:6   | Reached skill level 14 in Necromancy
 18800 | Lair:6   | Reached XP level 14. HP: 106/111 MP: 18/23
 19597 | Lair:6   | HP: 5/111 [poisoned by a black mamba]
 19600 | Lair:6   | HP: 2/111 [poisoned by a black mamba]
 20229 | Lair:6   | Reached skill level 15 in Necromancy
 20433 | Lair:6   | Learned a level 5 spell: Borgnjor's Vile Clutch
 20556 | D:12     | Found a staircase to the Orcish Mines.
 21062 | D:12     | Noticed Gastronok
 21068 | D:12     | Noticed Josephine
 21095 | D:12     | Killed Josephine
 21109 | D:12     | Killed Gastronok
 21518 | D:12     | Paralysed by a hornet for 1 turns
 21661 | D:12     | Reached ****** piety under Kikubaaqudgha
 21758 | D:12     | Noticed a frost giant
 21768 | D:12     | Killed from afar by a frost giant

Illustrated notes

Levels and vault maps discovered:
D:1:      dpeg_arrival_houses_and_road, layout_basic,
          shapermc_ecumenical_altar_venn, serial_bayou_pond_a
D:2:      layout_rooms, serial_glass, glass_columns_b, glass_columns_a,
          wad_floor_pattern_2, uniq_robin
D:3:      layout_loops_corners
D:4:      layout_basic, temple_hall, uniq_sigmund
D:5:      layout_gridville, serial_glass, glass_columns_a, glass_columns_b,
          minmay_strange_pillars, due_unseen_surprise, feat_on_display,
          item_on_display_a, minivault_1, uniq_grinder
D:6:      layout_loops_ring, nicolae_wooded_promenade, st_stairs_4
D:7:      layout_rooms, serial_shops, nicolae_shop_statue_plus,
          minmay_misc_feat_rugged
D:8:      layout_gridville, uniq_joseph, uniq_maurice, uniq_maggie
D:9:      wad_guarded_room, layout_irregular_city, minmay_strange_pillars,
          minivault_11, grunt_ministairs_3, uniq_erica
D:10:     layout_basic, nicolae_overflow_crystal_walls, lair_entry_dummy,
          uniq_sonja
D:11:     layout_loops_ring
D:12:     lemuel_traditional_vault, layout_basic, ice2_lemuel, uniq_gastronok,
          uniq_josephine
Temple:   mainiacjoe_temple_starburst
Lair:1:   layout_small_grid, lemuel_fruit_tree, grunt_megastairs_1
Lair:2:   gammafunk_boulding_lane, layout_long_grid
Lair:3:   layout_cave_pods, minmay_snake_entry_six_corridors, uniq_snorg
Lair:4:   layout_cave_pods, minmay_shoals_entry_centaurs
Lair:5:   layout_regular_city, minmay_slime_entry_jelly_boxes
Lair:6:   hangedman_lair_tendril_chambers, layout_cellular_growth,
          serial_bayou_ford_a, st_stairs_7

Skill      XL: |  1  2  3  4  5  6  7  8  9 10 11 12 13 14 |
---------------+-------------------------------------------+-----
Short Blades   | 3 5 7 8 9 10 | 10.0
Stealth        | 8 9 11 12 | 12.0
Fighting       | 4 6 7 8 9 10 11 | 11.4
Dodging        | 5 7 8 10 11 12 13 | 13.2
Necromancy     | 3 7 10 12 14 15 | 15.8
Shields        | 1 3 4 |  4.0
Spellcasting   | 4 6 7 |  7.4

Action                   |  1- 3 |  4- 6 |  7- 9 | 10-12 | 13-15 || total
-------------------------+-------+-------+-------+-------+-------++-------
Melee: Short sword       |    23 |    70 |   230 |   735 |   796 ||  1854
       Bite              |     1 |    13 |    32 |   120 |   148 ||   314
       Dagger            |       |   106 |       |       |       ||   106
       Punch             |       |     5 |     1 |       |       ||     6
 Cast: Excruciating Woun |       |       |       |    16 |    53 ||    69
       Dispel Undead     |       |       |       |       |     9 ||     9
       Death Channel     |       |       |       |       |     2 ||     2
Evoke: Wand              |       |       |     8 |    25 |     4 ||    37
  Use: Scroll            |       |    10 |     8 |     8 |     4 ||    30
       Potion            |       |       |     2 |     1 |     1 ||     4
 Stab: Sleeping          |     3 |    22 |    14 |    19 |    17 ||    75
       Distracted        |       |       |     1 |     2 |     1 ||     4
Armor: Leather armour    |     5 |    31 |    28 |       |       ||    64
       Steam dragon scal |       |       |     8 |    25 |       ||    33
       Ring mail         |       |       |       |   124 |   144 ||   268
       Troll leather arm |       |       |       |       |    32 ||    32
Dodge: Dodged            |    11 |    80 |   122 |   489 |   594 ||  1296
Block: Buckler           |       |       |     2 |   179 |   192 ||   373

Table legend: (Time is in decaauts)
 A = Elapsed time spent in this place.
 B = Non-inter-level travel time spent in this place.
 C = Inter-level travel time spent in this place.
 D = Time resting spent in this place.
 E = Time spent auto-exploring this place.
 F = Levels seen in this place.
 G = Mean time per level.
                   A        B        C        D        E       F      G
               +--------+--------+--------+--------+--------+-----+--------+
         Total |  21165 |  20283 |    882 |   1453 |  14641 |  19 | 1113.9 |
       Dungeon |  11183 |  10676 |    507 |    791 |   7385 |  12 |  931.9 |
        Temple |    697 |    577 |    120 |      0 |    516 |   1 |  697.0 |
          Lair |   9284 |   9029 |    255 |    662 |   6739 |   6 | 1547.3 |
               +--------+--------+--------+--------+--------+-----+--------+

Top non-repeatable levels by time:
  Lair:6: 2448 daAuts
  Lair:4: 1949 daAuts
  Lair:1: 1505 daAuts
     D:9: 1424 daAuts
  Lair:3: 1360 daAuts
    D:10: 1291 daAuts
    D:12: 1178 daAuts
  Lair:2: 1082 daAuts
     D:8: 1080 daAuts
     D:6: 1000 daAuts
    D:11: 983 daAuts
  Lair:5: 938 daAuts
     D:3: 846 daAuts
     D:4: 796 daAuts
     D:1: 742 daAuts
